 Dungeon Crawl Stone Soup version 0.23-a0-451-g1044d4cbad (webtiles) character file.

26 Manul the Sneak (level 2, -1/22 HPs)
             Began as a Demonspawn Assassin on Nov 22, 2018.
             Slain by a leopard gecko (3 damage)
             ... on level 1 of the Dungeon.
             The game lasted 00:01:14 (962 turns).

Manul the Sneak (Demonspawn Assassin)                Turns: 962, Time: 00:01:14

Health: -1/22      AC:  5    Str: 11    XL:     2   Next: 89%
Magic:  2/2        EV: 12    Int: 12    God:
Gold:   63         SH:  0    Dex: 14    Spells: 1/1 levels left

rFire    . . .     SeeInvis .   a - +2 dagger
rCold    . . .     Gourm    .   (no shield)
rNeg     . . .     Faith    .   c - +0 robe
rPois    .         Spirit   .   (no helmet)
rElec    .         Reflect  .   d - +0 cloak
rCorr    .         Harm     .   (no gloves)
MR       .....                  (no boots)
Stlth    +++.......             (no amulet)
HPRegen  0.07/turn              k - ring of flight
MPRegen  0.08/turn              (no ring)

@: no status effects
A: iridescent scales 1
a: Evoke Flight


You were on level 1 of the Dungeon.
You were not hungry.

You visited 1 branch of the dungeon, and saw 2 of its levels.

You collected 63 gold pieces.

Inventory:

Hand Weapons
 a - a +2 dagger (weapon)
 b - a +0 blowgun
Missiles
 e - 8 poisoned needles
 f - 2 curare-tipped needles
Armour
 c - a +0 robe (worn)
 d - a +0 cloak (worn)
Jewellery
 k - a ring of flight (left hand)
Scrolls
 h - a scroll of identify {unknown}
 i - a scroll of enchant armour {unknown}
 l - a scroll of vulnerability {unknown}
Potions
 j - a potion of might {unknown}
Comestibles
 g - 4 rations
 m - 3 chunks of flesh


   Skills:
 + Level 2.1 Fighting
 + Level 1.9 Short Blades
 - Level 1.7 Throwing
 + Level 0.9 Dodging
 * Level 4.4 Stealth


You had one spell level left.
You didn't know any spells.
Your spell library was empty.

Dungeon Overview and Level Annotations

Branches:
Dungeon (2/15)

Altars:


Innate Abilities, Weirdness & Mutations

You are partially covered in iridescent scales. (AC +2)


Message History

You are too injured to fight recklessly!
You are too injured to fight recklessly!
You are too injured to fight recklessly!
You are too injured to fight recklessly!
You are too injured to fight recklessly!
You are too injured to fight recklessly!
You are too injured to fight recklessly!
A worm comes into view.
The leopard gecko completely misses you.
The leopard gecko barely misses you. The leopard gecko misses you.
There is a stone staircase leading up here.
The leopard gecko bites you but does no damage.
The quokka bites you.
* * * LOW HITPOINT WARNING * * *
You climb upwards.
There is a stone staircase leading down here.
Unknown command.
The leopard gecko bites you.
You die...

##...##....... ##.............
#.............. ######
#.............. #....#
#....(......... #.##.#
####.............
##.##.#########................
#..##................###)......
#.######....r>@..#...# #.#.....
#.#####......l.##...####.#.....
###.......##..#.....#####....#...
...รท########..#.#...........##...
.##.# ####......#...####...###...
.##.###....#..##...####..####....
###.........................(....
........................######...
....##.#................# #...


You could see a leopard gecko and a quokka.

Vanquished Creatures
  A worm (D:2)
  2 leopard geckos (D:1)
  4 goblins (D:1)
  2 hobgoblins
  5 jackals (D:1)
  A bat (D:1)
  A kobold (D:1)
  A quokka zombie (D:2)
  2 rats (D:1)
19 creatures vanquished.

Notes
Turn   | Place    | Note
-------+----------+-------------------------------------------
     0 | D:1      | Manul the Demonspawn Assassin began the quest for the Orb.
     0 | D:1      | Reached XP level 1. HP: 16/16 MP: 1/1
   104 | D:1      | Reached skill level 4 in Stealth
   119 | D:1      | Gained mutation: You are partially covered in iridescent
                  | scales. (AC +2) [demonic ancestry]
   119 | D:1      | Reached XP level 2. HP: 6/22 MP: 2/2
   962 | D:1      | Slain by a leopard gecko

Vault maps used:
D:1:      tarquinn_simple_flora_water_a, minivault_5
D:2:      lemuel_coloured_pillars_altar, lemuel_round_altar, first_ration,
          chequers_serial_rivers_micro_e

Skill      XL: |  1 |
---------------+----+-----
Stealth        | 4 |  4.4
Fighting       | |  2.1
Short Blades   | |  1.9
Throwing       | |  1.7
Dodging        | |  0.9

Action                   || total
-------------------------++-------
Melee: Dagger            ||    74
 Fire: Blowgun           ||     3
 Stab: Sleeping          ||     1
Armor: Robe              ||    31
Dodge: Dodged            ||    45

Table legend:
 A = Non-vault XP
 B = Vault XP
 C = Vault XP percentage of total XP
 D = Non-vault monster count
 E = Vault monster count
 F = Vault count percentage of total count
                 A         B        C        D         E       F
            +---------+---------+-------+---------+---------+-------
      Total |      38 |       0 |   0.0 |      19 |       0 |   0.0
            +---------+---------+-------+---------+---------+-------
        D:1 |      30 |       0 |   0.0 |      16 |       0 |   0.0
        D:2 |       8 |       0 |   0.0 |       3 |       0 |   0.0
            +---------+---------+-------+---------+---------+-------
